 Dungeon Crawl Stone Soup version 0.27.1-3-gb3d3a73c9e (webtiles) character file.

Game seed: 2053942207954104389

34 Trumpetguy the Caller (level 3, -4/19 HPs)
             Began as a Deep Elf Summoner on Oct 6, 2021.
             Slain by a gnoll (10 damage)
             ... on level 2 of the Dungeon.
             The game lasted 00:10:21 (2863 turns).

Trumpetguy the Caller (Deep Elf Summoner)           Turns: 2863, Time: 00:10:21

Health: -4/19      AC:  2    Str:  5    XL:     3   Next: 14%
Magic:  7/10       EV: 12    Int: 20    God:
Gold:   118        SH:  0    Dex: 15    Spells: 9/10 levels left

rFire    . . .     SeeInvis .   (no weapon)
rCold    + . .     Faith    .   (no shield)
rNeg     + . .     Spirit   .   a - +0 robe
rPois    .         Reflect  .   (no helmet)
rElec    .         Harm     .   (no cloak)
rCorr    .         Rampage  .   (no gloves)
Will     .....                  (no boots)
Stlth    ++........             (no amulet)
HPRegen  0.06/turn              g - ring of positive energy
MPRegen  0.12/turn              h - ring of protection from cold

@: no status effects
A: no striking features
a: no special abilities


You were on level 2 of the Dungeon.
You visited 1 branch of the dungeon, and saw 2 of its levels.

You collected 118 gold pieces.

Inventory:

Missiles
 b - 37 poisoned darts
Armour
 a - a +0 robe (worn)
Jewellery
 g - a ring of positive energy (left hand)
 h - a ring of protection from cold (right hand)
Scrolls
 c - a scroll of immolation {unknown}
 d - 2 scrolls of vulnerability {unknown}
 i - a scroll of blinking {unknown}
 l - a scroll of magic mapping {unknown}
 m - a scroll of enchant armour {unknown}
Potions
 e - a potion of might {unknown}
 f - 2 potions of magic {unknown}
 j - a potion of curing {unknown}
 k - a potion of attraction {unknown}


   Skills:
 * Level 2.6 Dodging
 * Level 2.9 Stealth
 * Level 4.0 Spellcasting
 + Level 4.7 Summonings


You had 9 spell levels left.
You knew the following spells:

 Your Spells              Type           Power      Damage    Failure   Level
a - Summon Small Mammal   Summ           92%        N/A       1%          1

Your spell library contained the following spells:

 Spells                   Type           Power      Damage    Failure   Level
 Call Imp                 Summ           23%        N/A       2%          2
 Call Canine Familiar     Summ           23%        N/A       5%          3
 Summon Guardian Golem    Hex/Summ       13%        N/A       14%         3
 Portal Projectile        Hex/Tloc       8%         N/A       36%         3
 Summon Lightning Spire   Summ/Air       13%        N/A       43%         4
 Leda's Liquefaction      Hex/Erth       2%         N/A       77%         4


Dungeon Overview and Level Annotations

Branches:
Dungeon (2/15)

Altars:


Message History

Casting: Summon Small Mammal (safe; 1% risk of failure)
Confirm with . or Enter, or press ? or * to list all spells.
The gnoll hits your rat with a +0 halberd!
Your rat dies!
Your rat's corpse disappears in a puff of smoke!
Casting: Summon Small Mammal (safe; 1% risk of failure)
Confirm with . or Enter, or press ? or * to list all spells.
Your quokka bites the gnoll.
The gnoll misses your quokka.
There are monsters nearby!
Your quokka barely misses the gnoll.
The gnoll misses your quokka.
Your quokka bites the gnoll but does no damage.
A goblin comes into view. It is wielding a +0 spear.
Your quokka barely misses the gnoll.
Your quokka closely misses the gnoll.
The gnoll barely misses your quokka.
Your quokka bites the gnoll.
The gnoll barely misses your quokka.
Your quokka bites the gnoll.
The gnoll hits your quokka with a +0 whip.
Your quokka bites the gnoll but does no damage.
Your quokka bites the gnoll.
The gnoll misses your quokka.
Your quokka bites the gnoll.
The gnoll hits your quokka with a +0 whip!
Your quokka dies!
Your quokka's corpse disappears in a puff of smoke!
The gnoll hits your rat with a +0 whip.
Your rat dies!
Your rat's corpse disappears in a puff of smoke!
Your quokka closely misses the gnoll.
Your quokka bites the gnoll.
The gnoll dies!
Your Spellcasting skill increases to level 4!
Your quokka bites the gnoll.
The gnoll hits you from afar with a +0 halberd!
Ouch! That really hurt!
Your quokka bites the gnoll.
Casting: Summon Small Mammal (safe; 1% risk of failure)
Confirm with . or Enter, or press ? or * to list all spells.
Okay, then.
You swap places.
Your quokka bites the gnoll.
The gnoll hits you from afar with a +0 halberd!
Ouch! That really hurt!
You die...

#b#....#..........+.....
#b#.##.#....####.##.....
#g#.##.##+#.# #..#.....
#g#.##.##.#.# ##.#.....
#.#.##....#.#####.#.....
#.#.....................
#.#.........#####.....##
#.#.##############....##
######.##.#r@.........#....##
#(....g...#r#########.#....##
#......##.#g# #.##...##
#......##.#g# #.##...##
#......+..#.. #.##...##
#$.....####.. #.###+###
#....... ... #.# #.###
###...... .... #.###..##
#....... #.#...(..


You could see a gnoll (ally target), a goblin, a friendly quokka (summoned) and
a friendly rat (summoned).

Vanquished Creatures
  A ball python (D:1)
1 creature vanquished.

Vanquished Creatures (collateral kills)
  2 gnolls (D:2)
  An adder (D:2)
  A worm (D:2)
  3 bats
  5 endoplasms
  4 hobgoblins
  4 ball pythons
  A frilled lizard (D:2)
  2 goblins
  A kobold (D:1)
  2 rats
26 creatures vanquished.

Grand Total: 27 creatures vanquished

Notes
Turn   | Place    | Note
-------+----------+-------------------------------------------
     0 | D:1      | Trumpetguy the Deep Elf Summoner began the quest for the
                  | Orb.
     0 | D:1      | Reached XP level 1. HP: 10/10 MP: 6/6
   476 | D:1      | Found a faded altar of an unknown god.
  1659 | D:2      | Reached XP level 2. HP: 15/15 MP: 4/8
  2797 | D:2      | Reached XP level 3. HP: 19/19 MP: 5/10
  2863 | D:2      | Slain by a gnoll

Illustrated notes

Levels and vault maps discovered:
D:1:      mrwooster_arrival_statue_3, layout_loops_corners,
          dreamdust_ecumenical_altar_grove, item_on_display_a
D:2:      layout_basic

Skill      XL: |  1  2  3 |
---------------+----------+-----
Spellcasting   | 4 |  4.0
Dodging        | |  2.6
Stealth        | |  2.9
Summonings     | |  4.7

Action                   || total
-------------------------++-------
Melee: Unarmed           ||     3
 Cast: Summon Small Mamm ||   105
Armor: Robe              ||     3
Dodge: Dodged            ||    22
